[Event "DVM U14 2021"]
[Site "Willingen"]
[Date "2022.08.16"]
[Round "7"]
[White "Rudolph, Alexander"]
[Black "Widmann, Maximilian"]
[Result "1/2-1/2"]
[ECO "B18"]
[WhiteElo "1417"]
[BlackElo "1573"]
[Annotator "NA RC"]
[PlyCount "82"]
[EventDate "2022.08.12"]
[EventType "team-tourn"]
[EventRounds "7"]
[EventCountry "GER"]
[SourceTitle "playchess.com"]
[Source "ChessBase"]
[SourceQuality "1"]
[TimeControl "40/5400+30:1800+30"]

1. e4 c6 2. d4 d5 3. Nc3 dxe4 4. Nxe4 Bf5 5. Ng3 Bg6 6. Nh3 h6 7. Nf4 Bh7 8. c3 e6 9. Bd3 Bxd3 10. Qxd3 Nf6 11. Bd2 Bd6 12. O-O-O Qc7 13. Nfh5 Bxg3 14. Nxf6+ gxf6 15. hxg3 Nd7 16. Rxh6 Rxh6 17. Bxh6 O-O-O 18. Bg7 Qa5 19. Kb1 Qd5 20. Rg1 c5 21. Qe3 Qf5+ 22. Ka1 b6 23. Bh6 Kb7 24. Qf3+ Qxf3 25. gxf3 cxd4 26. cxd4 Rc8 27. Kb1 b5 28. Re1 Nb6 29. Rc1 Rxc1+ 30. Kxc1 Kc6 31. Kc2 Nd5 32. Bd2 f5 33. Kd3 Kd6 34. f4 Ke7 35. b3 a6 36. f3 f6 37. g4 Kf7 38. a4 Kg6 39. a5 fxg4 40. fxg4 f5 41. g5 Kh5 1/2-1/2

[Event "DVM U14 2021"]
[Site "Willingen"]
[Date "2022.08.16"]
[Round "7"]
[White "Bade, Deniz"]
[Black "Trenz, Finn"]
[Result "1/2-1/2"]
[ECO "B01"]
[WhiteElo "1414"]
[BlackElo "1667"]
[Annotator "NA RC"]
[PlyCount "56"]
[EventDate "2022.08.12"]
[EventType "team-tourn"]
[EventRounds "7"]
[EventCountry "GER"]
[SourceTitle "playchess.com"]
[Source "ChessBase"]
[SourceQuality "1"]
[TimeControl "40/5400+30:1800+30"]

1. e4 d5 2. exd5 Qxd5 3. Nc3 Qd6 4. d4 Nf6 5. Nf3 a6 6. g3 Bg4 7. h3 Bh5 8. Bg2 c6 9. Bf4 Qd8 10. O-O e6 11. Re1 Bd6 12. Qd2 Bxf4 13. Qxf4 O-O 14. Ne5 Nbd7 15. Qh4 Bg6 16. Nxg6 hxg6 17. a4 Qb6 18. b3 Rac8 19. Rad1 Qb4 20. Ne4 Nxe4 21. Qxe4 Nf6 22. Qe5 c5 23. dxc5 Rxc5 24. Qd4 Qxd4 25. Rxd4 b5 26. axb5 axb5 27. c4 bxc4 28. Rxc4 Rb5 1/2-1/2

[Event "DVM U14 2021"]
[Site "Willingen"]
[Date "2022.08.16"]
[Round "7"]
[White "Fettig, Michel"]
[Black "Martin Fernandez, Rafael"]
[Result "1-0"]
[ECO "E72"]
[WhiteElo "1370"]
[BlackElo "1645"]
[Annotator "NA RC"]
[PlyCount "107"]
[EventDate "2022.08.12"]
[EventType "team-tourn"]
[EventRounds "7"]
[EventCountry "GER"]
[SourceTitle "playchess.com"]
[Source "ChessBase"]
[SourceQuality "1"]
[TimeControl "40/5400+30:1800+30"]

1. c4 Nf6 2. g3 g6 3. Bg2 Bg7 4. d4 c5 5. d5 d6 6. Nc3 O-O 7. e4 e6 8. Nge2 exd5 9. exd5 Re8 10. O-O Nbd7 11. Bf4 Ne5 12. Bxe5 Rxe5 13. Nf4 Bg4 14. Qd2 Qe7 15. Nd3 Rh5 16. Nf4 Bh6 17. Rfe1 Qd7 18. Nxh5 Bxd2 19. Nxf6+ Kg7 20. Nxd7 Bxe1 21. Rxe1 Bxd7 22. Ne4 Re8 23. Kf1 Bf5 24. f4 Bxe4 25. Rxe4 Rxe4 26. Bxe4 f5 27. Bc2 Kf6 28. Kf2 h6 29. h4 h5 30. a3 a6 31. b4 b6 32. Ke3 Ke7 33. Ba4 a5 34. bxa5 bxa5 35. Kd3 Kd8 36. Kc3 Ke7 37. Bc6 Kd8 38. Kb3 Ke7 39. Ka4 Kd8 40. Kxa5 Kc7 41. Be8 Kb7 42. Bxg6 Kc7 43. Bxh5 Kd7 44. Kb6 Ke7 45. a4 Kd7 46. Kb7 Ke7 47. a5 Kd7 48. a6 Ke7 49. a7 Kf6 50. a8=Q Kg7 51. Bg6 Kf6 52. Qe8 Kg7 53. Qf7+ Kh6 54. Qh7# 1-0

[Event "DVM U14 2021"]
[Site "Willingen"]
[Date "2022.08.16"]
[Round "7"]
[White "Keck, Johannes"]
[Black "Herfurt, Manuel"]
[Result "1/2-1/2"]
[ECO "D02"]
[WhiteElo "1310"]
[BlackElo "1656"]
[Annotator "NA RC"]
[PlyCount "41"]
[EventDate "2022.08.12"]
[EventType "team-tourn"]
[EventRounds "7"]
[EventCountry "GER"]
[SourceTitle "playchess.com"]
[Source "ChessBase"]
[SourceQuality "1"]
[TimeControl "40/5400+30:1800+30"]

1. Nf3 d5 2. g3 c5 3. Bg2 Nc6 4. O-O Nf6 5. d4 cxd4 6. Nxd4 e5 7. Nxc6 bxc6 8. c4 Be6 9. Nc3 Qd7 10. Qa4 Rc8 11. cxd5 cxd5 12. Qxd7+ Kxd7 13. Rd1 Kc6 14. Bg5 Bb4 15. Bxf6 Bxc3 16. bxc3 gxf6 17. c4 Kd6 18. cxd5 Bd7 19. Rd2 Rc5 20. Rb1 Rhc8 21. f4 1/2-1/2

[Event "DVM U14 2021"]
[Site "Willingen"]
[Date "2022.08.16"]
[Round "7"]
[White "Vesszö, Aaron"]
[Black "Yue, Qihang"]
[Result "1-0"]
[ECO "D00"]
[WhiteElo "1306"]
[BlackElo "1401"]
[Annotator "NA RC"]
[PlyCount "79"]
[EventDate "2022.08.12"]
[EventType "team-tourn"]
[EventRounds "7"]
[EventCountry "GER"]
[SourceTitle "playchess.com"]
[Source "ChessBase"]
[SourceQuality "1"]
[TimeControl "40/5400+30:1800+30"]

1. d4 Nf6 2. Bf4 e6 3. e3 d5 4. Nd2 c5 5. c3 Bd6 6. Bxd6 Qxd6 7. f4 cxd4 8. cxd4 Nc6 9. Bd3 Bd7 10. Ngf3 O-O 11. Ne5 Rac8 12. O-O Qe7 13. g4 Nxe5 14. fxe5 Ne8 15. Rf3 f6 16. Qf1 g6 17. h4 fxe5 18. Rxf8+ Qxf8 19. Qxf8+ Kxf8 20. Rf1+ Kg7 21. dxe5 Nc7 22. e4 Bb5 23. Rf3 Bxd3 24. Rxd3 Rf8 25. Kg2 dxe4 26. Nxe4 Nd5 27. Rf3 Rxf3 28. Kxf3 b6 29. b3 h6 30. Nd6 Kf8 31. a4 Ke7 32. Nc8+ Kd7 33. Nxa7 Kc7 34. Nb5+ Kc6 35. Nd4+ Kd7 36. Ke4 g5 37. hxg5 hxg5 38. Nf3 Kc6 39. Nxg5 Nc7 40. Nf3 1-0

[Event "DVM U14 2021"]
[Site "Willingen"]
[Date "2022.08.16"]
[Round "7"]
[White "Huber, Laura"]
[Black "Leonard, Etienne Peter"]
[Result "0-1"]
[ECO "D00"]
[WhiteElo "1302"]
[BlackElo "1373"]
[Annotator "NA RC"]
[PlyCount "66"]
[EventDate "2022.08.12"]
[EventType "team-tourn"]
[EventRounds "7"]
[EventCountry "GER"]
[SourceTitle "playchess.com"]
[Source "ChessBase"]
[SourceQuality "1"]
[TimeControl "40/5400+30:1800+30"]

1. d4 d5 2. Nc3 c6 3. Bf4 Bf5 4. Qd2 e6 5. f3 h6 6. g4 Bh7 7. h4 Bd6 8. O-O-O Qc7 9. Nh3 Nd7 10. Bxd6 Qxd6 11. Nf4 O-O-O 12. e4 f6 13. exd5 exd5 14. Re1 Nb6 15. Ne6 Re8 16. Nxg7 Rxe1+ 17. Qxe1 Ne7 18. Nh5 Kd8 19. Qg3 Qxg3 20. Nxg3 Rg8 21. Nh5 Rf8 22. Nf4 Kd7 23. Nd3 Kd6 24. Nc5 Rb8 25. g5 Ng8 26. gxf6 Nxf6 27. Rg1 Nh5 28. Ne2 Kc7 29. Bh3 Re8 30. Ne6+ Kd6 31. N2f4 Nxf4 32. Nxf4 Nc4 33. Rg7 Re1# 0-1

[Event "DVM U14 2021"]
[Site "Willingen"]
[Date "2022.08.16"]
[Round "7"]
[White "Walter, Romeo"]
[Black "Klein, Maxim"]
[Result "1-0"]
[ECO "A25"]
[WhiteElo "1197"]
[BlackElo "1323"]
[Annotator "NA RC"]
[PlyCount "95"]
[EventDate "2022.08.12"]
[EventType "team-tourn"]
[EventRounds "7"]
[EventCountry "GER"]
[SourceTitle "playchess.com"]
[Source "ChessBase"]
[SourceQuality "1"]
[TimeControl "40/5400+30:1800+30"]

1. c4 e5 2. Nc3 Nc6 3. g3 Bc5 4. e3 Nf6 5. Bg2 d6 6. Nge2 Be6 7. d4 exd4 8. exd4 Bb6 9. d5 Ng4 10. O-O Qf6 11. Ne4 Qf5 12. dxe6 fxe6 13. h3 Nge5 14. Nf4 Nxc4 15. Qh5+ g6 16. Qxf5 exf5 17. b3 N4e5 18. Nf6+ Kf7 19. N6d5 Bd4 20. Rb1 Rac8 21. Bb2 g5 22. Bxd4 Nxd4 23. Rbd1 Ndf3+ 24. Bxf3 Nxf3+ 25. Kg2 Ne5 26. Nd3 Ng6 27. f4 gxf4 28. N5xf4 Rhg8 29. Nxg6 hxg6 30. Rde1 c5 31. Nf4 c4 32. bxc4 Rxc4 33. Re2 Rgc8 34. Rfe1 Rc2 35. Kf3 R8c3+ 36. Kf2 Rxe2+ 37. Rxe2 Ra3 38. Nd5 Ra5 39. Ne3 Kf6 40. Nc4 Rd5 41. Rd2 Rxd2+ 42. Nxd2 Ke5 43. Ke3 g5 44. g4 f4+ 45. Kd3 f3 46. Nxf3+ Kf4 47. Nxg5 Kxg5 48. Ke4 1-0

[Event "DVM U14 2021"]
[Site "Willingen"]
[Date "2022.08.16"]
[Round "7"]
[White "Sun, Christopher"]
[Black "Lippmann, Niklas A."]
[Result "0-1"]
[ECO "C47"]
[WhiteElo "1091"]
[BlackElo "1263"]
[Annotator "NA RC"]
[PlyCount "58"]
[EventDate "2022.08.12"]
[EventType "team-tourn"]
[EventRounds "7"]
[EventCountry "GER"]
[SourceTitle "playchess.com"]
[Source "ChessBase"]
[SourceQuality "1"]
[TimeControl "40/5400+30:1800+30"]

1. e4 e5 2. Nf3 Nc6 3. Nc3 Nf6 4. a3 a6 5. d4 exd4 6. Nxd4 d5 7. Nxc6 bxc6 8. exd5 cxd5 9. Be3 c5 10. Qe2 Be6 11. Bg5 Be7 12. g3 O-O 13. Bg2 Ra7 14. O-O d4 15. Ne4 Nxe4 16. Bxe7 Rxe7 17. Qxe4 Bc4 18. Qf5 Bxf1 19. Bxf1 Qb6 20. Bd3 g6 21. Qg5 Rfe8 22. Qd2 Qxb2 23. Rc1 Qxc1+ 24. Qxc1 Re1+ 25. Qxe1 Rxe1+ 26. Kg2 Ra1 27. Bxa6 Rxa3 28. Bc4 Rc3 29. Bd3 c4 0-1